 Dungeon Crawl Stone Soup version 0.29-a0-304-gb34f9e133a (webtiles) character file.

Game seed: 10621190187228138591

3362 Leszczynek the Basher (level 10, 0/99 (104) HPs)
             Began as an Ogre Cinder Acolyte on Mar 26, 2022.
             Was a Follower of Ignis.
             Slain by a wight
             ... wielding a +4 halberd
              (2 damage)
             ... on level 8 of the Dungeon.
             The game lasted 00:17:35 (5644 turns).

Leszczynek the Basher (Ogre Cinder Acolyte)         Turns: 5644, Time: 00:17:36

HP:   0/99 (104)    AC: 13    Str: 26    XL:     10   Next: 3%
MP:   11/11         EV:  9    Int: 15    God:    Ignis [*.....]
Gold: 212           SH:  0    Dex: 14    Spells: 11/11 levels left

rFire   + . .      SeeInvis .   a - +1 war axe (flame)
rCold   . . .      Faith    .   (no shield)
rNeg    . . .      Spirit   .   u - +0 steam dragon scales
rPois   .          Reflect  .   (helmet restricted)
rElec   .          Harm     .   (no cloak)
rCorr   .          Rampage  .   (gloves unavailable)
Will    +....                   (boots unavailable)
Stlth   +.........              (no amulet)
HPRegen 0.26/turn               l - +6 ring of dexterity
MPRegen 0.12/turn               t - +6 ring of strength

@: fiery-armoured, lightly drained
A: large, unfitting armour, tough skin 1
a: Renounce Religion, Fiery Armour, Foxfire Swarm, Rising Flame


You were on level 8 of the Dungeon.
You worshipped Ignis.
Ignis was aware of your devotion.
You visited 1 branch of the dungeon, and saw 8 of its levels.

You collected 282 gold pieces.
You spent 70 gold pieces at shops.

Inventory:

Hand Weapons
 a - a +1 war axe of flaming (weapon)
 e - a +0 giant club
 h - a +0 morningstar
 m - a -1 mace of flaming
 n - a +1 dire flail
Missiles
 j - 3 javelins (quivered)
 s - 12 poisoned darts
Armour
 u - +0 steam dragon scales (worn)
Jewellery
 l - a +6 ring of dexterity (left hand)
 r - a ring of willpower
 t - a +6 ring of strength (right hand)
Wands
 k - a wand of flame (10)
Scrolls
 f - 3 scrolls of fog
 i - a scroll of holy word {unknown}
 p - 2 scrolls of amnesia {unknown}
Potions
 c - a potion of curing {@q1}
 d - a potion of mutation {unknown}
 g - a potion of resistance
 o - a potion of magic {unknown}
 q - 2 potions of might


   Skills:
 - Level 8.0 Fighting
 * Level 12.0 Maces & Flails
 - Level 1.2 Spellcasting
 - Level 2.6 Fire Magic


You had 11 spell levels left.
You didn't know any spells.
Your spell library contained the following spells:

 Spells                   Type           Power      Damage    Failure   Level
 Scorch                   Fire           16%        2d6       12%         2


Dungeon Overview and Level Annotations

Branches:
Dungeon (8/15)
 Temple: D:4-7         Lair: D:8-11

Altars:
Cheibriados
Elyvilon
Kikubaaqudgha
Xom

Shops:
D:4 *

Annotations:
D:5 Sigmund


Innate Abilities, Weirdness & Mutations

You are too large for most types of armour.
You have tough skin. (AC +1)


Message History

You hit the wight. You burn the wight.
The wight is almost destroyed.
You slash the wight! You burn the wight.
The wight hits you with a +0 long sword.
The wight is burned by your cloak of flames.
You destroy the wight!
The wight hits you with a +5 flail of freezing!
You feel drained. The wight freezes you.
The wight is burned by your cloak of flames.
You destroy the wight!
You have reached level 10!
You slash the wight! You burn the wight.
The wight is almost destroyed.
The wight hits you with a +7 dagger!
* * * LOW HITPOINT WARNING * * *
The wight is burned by your cloak of flames.
You destroy the wight!
Your Maces & Flails skill increases to level 12!
Unknown command.
You hit the wight but do no damage. The wight hits you but does no damage.
The wight is burned by your cloak of flames.
The wight is heavily damaged.
You barely miss the wight.
The wight is heavily damaged.
The wight closely misses you.
You slash the wight! You burn the wight.
You destroy the wight!
Items here: ))) [[[.
Unknown command.
The wight hits you with a +4 halberd!
* * * LOW HITPOINT WARNING * * *
The wight is burned by your cloak of flames.
The wight is moderately damaged.
There is an open door here.
You barely miss the wight.
The wight is moderately damaged.
The wight hits you with a +4 halberd!
* * * LOW HITPOINT WARNING * * *
You feel drained.
You die...

..............#.
..............#.
#............#.
#............#. #
#............#. #..
#............#. #...###
#####........[.
#......####....#########
#.....z@)).....+ #####
#......##......# #....
#...... #...#### #....
######. #...# #.... #.
##### #.... .. ##### #.
#.


You could see a wight.

Vanquished Creatures
  3 yaks (D:7)
  A steam dragon (D:8)
  Menkaure (D:7)
  An acid dragon (D:8)
  A water moccasin (D:7)
  A sky beast (D:6)
  An orc warrior (D:7)
  3 black bears
  An ice beast (D:6)
  4 centaurs
  2 ogres (D:6)
  Blork the orc (D:5)
  A kobold brigand (D:8)
  A necrophage (D:6)
  2 bullfrogs
  14 wights
  2 jellies
  2 hounds (D:6)
  3 orc priests
  2 iguanas
  Ijyb (D:5)
  Natasha (D:4)
  4 orc wizards
  3 adders
  A shadow imp (D:5)
  2 white imps
  A dart slug (D:4)
  4 orcs
  5 ball pythons
  4 endoplasms
  3 giant cockroaches
  9 goblins
  6 hobgoblins
  2 quokkas
  5 bats
  5 frilled lizards
  5 kobolds
  2 rats (D:2)
110 creatures vanquished.

Vanquished Creatures (others)
  44 foxfires
44 creatures vanquished.

Grand Total: 154 creatures vanquished

Notes
Turn   | Place    | Note
-------+----------+-------------------------------------------
     0 | D:1      | Leszczynek the Ogre Cinder Acolyte began the quest for the
                  | Orb.
     0 | D:1      | Reached XP level 1. HP: 24/24 MP: 2/2
    59 | D:1      | Reached skill level 3 in Maces & Flails
   265 | D:1      | Reached XP level 2. HP: 23/32 MP: 3/3
   377 | D:1      | Found a faded altar of an unknown god.
   650 | D:2      | Reached XP level 3. HP: 31/39 MP: 4/4
  1007 | D:3      | Found a white marble altar of Elyvilon.
  1163 | D:3      | Found a shimmering altar of Xom.
  1203 | D:3      | Reached skill level 4 in Maces & Flails
  1221 | D:3      | You fall into a shaft and drop 1 floor!
  1253 | D:4      | Found Mako Odo's General Store.
  1258 | D:4      | Bought a potion of heal wounds for 50 gold pieces
  1258 | D:4      | Bought a scroll of fog for 20 gold pieces
  1331 | D:4      | Noticed Natasha
  1340 | D:4      | Killed Natasha
  1341 | D:4      | Reached XP level 4. HP: 28/49 MP: 5/5
  1386 | D:4      | Noticed a black bear
  1391 | D:5      | Entered Level 5 of the Dungeon
  1391 | D:5      | Noticed a black bear
  1395 | D:4      | Killed a black bear
  1396 | D:4      | Reached skill level 5 in Fighting
  1396 | D:4      | Reached XP level 5. HP: 43/57 MP: 6/6
  1451 | D:4      | Reached skill level 5 in Maces & Flails
  1650 | D:5      | Reached XP level 6. HP: 38/66 MP: 7/7
  1782 | D:5      | Noticed Blork the orc
  1866 | D:5      | Noticed a black bear
  1869 | D:5      | Killed a black bear
  1877 | D:5      | Noticed Ijyb
  1886 | D:5      | Killed a black bear
  1887 | D:5      | Reached skill level 6 in Fighting
  1890 | D:5      | Killed Ijyb
  1891 | D:5      | Reached skill level 6 in Maces & Flails
  1915 | D:5      | Killed Blork the orc
  1916 | D:5      | Reached XP level 7. HP: 54/76 MP: 8/8
  1927 | D:5      | Noticed Sigmund
  1994 | D:5      | Identified the +1 ring mail "Ciosm" {rF+}
  2087 | D:6      | Reached skill level 7 in Fighting
  2099 | D:6      | Noticed a gargoyle
  2112 | D:6      | Reached skill level 7 in Maces & Flails
  2119 | D:6      | HP: 10/78 [gargoyle/+0 mace (11)]
  2125 | D:6      | Reached XP level 8. HP: 12/87 MP: 9/9
  2129 | D:6      | HP: 10/87 [sky beast (4)]
  2129 | D:6      | HP: 4/87 [sky beast (6)]
  2576 | D:6      | Reached skill level 8 in Fighting
  2641 | D:6      | Reached skill level 8 in Maces & Flails
  2952 | D:6      | Reached skill level 9 in Maces & Flails
  3000 | D:6      | Found an ancient bone altar of Kikubaaqudgha.
  3204 | D:6      | Reached XP level 9. HP: 86/96 MP: 10/10
  3283 | D:7      | Noticed Menkaure
  3620 | D:7      | Killed Menkaure
  3621 | D:7      | Reached skill level 10 in Maces & Flails
  3656 | D:7      | well i can't say this is a bad early game god
  3954 | D:7      | Reached skill level 11 in Maces & Flails
  3964 | D:7      | HP: 14/96 [white imp/puff of frost (9)]
  4262 | D:7      | Noticed a gargoyle
  4286 | D:6      | what is this bullshit
  5276 | D:8      | Found a snail-covered altar of Cheibriados.
  5637 | D:8      | Reached XP level 10. HP: 31/99 MP: 11/11
  5638 | D:8      | Reached skill level 12 in Maces & Flails
  5643 | D:8      | HP: 11/101 [wight/+4 halberd (12)]
  5644 | D:8      | HP: 2/101 [wight/+4 halberd (9)]
  5644 | D:8      | Slain by a wight

Illustrated notes ...###### #.......# #.......## ###........ .........# #.......# .# # #.......###...# #. #..^...@....# #.###...#<)...<## #......#..##..## #......#)###..# #............## #..###....##.## ##.#..........## #.......<.....# #.............# Turn 3656 on D:7: well i can't say this is a bad early game god

## ### ##.# # #.#### ##..# #
### #.##.# #####..#### .#
..###....###.........###.##
#.....##..................##
......#.........@..........#
.....#.....................#
............................#
..#......................####
.###.....................# .#
#...##................##. ##
#...###.................. #
#...##................... #
#..###..................#


Turn 4286 on D:6: what is this bullshit

Levels and vault maps discovered:
D:1:      dpeg_arrival_pits, layout_rooms,
          dreamdust_ecumenical_altar_sealed_demon, chequers_hall_statues_wall_a,
          interstate_on_off
D:2:      layout_basic, nicolae_underground_beach, uniq_terence
D:3:      layout_rooms, mainiacjoe_overflow_tiny_flanked, lemuel_tele_altar,
          minmay_crystal_water
D:4:      minmay_thinvault, layout_basic, serial_shops, kennysheep_little_box,
          uniq_robin, uniq_natasha
D:5:      wander_river, layout_loops_ring, nicolae_shop_gadgets, uniq_ijyb,
          uniq_blork_the_orc, uniq_sigmund
D:6:      layout_layer_cave, mainiacjoe_overflow_paths
D:7:      nzn_winding_woodlands_large [nzn_winding_woodlands_5x5_cross,
          nzn_winding_woodlands_5x15_eye, nzn_winding_woodlands_5x5_closed_star,
          nzn_winding_woodlands_center_lodge,
          nzn_winding_woodlands_15x15_boxy_spiral,
          nzn_winding_woodlands_center_garden,
          nzn_winding_woodlands_5x5_default,
          nzn_winding_woodlands_5x15_sidewinder,
          nzn_winding_woodlands_5x5_open_star], layout_rooms,
          general_overflow_altar, minmay_temple_entry_purple_smoke,
          uniq_menkaure
D:8:      layout_basic, mainiacjoe_overflow_surrounded_room,
          mainiacjoe_overflow_alcove_4, nicolae_lava_and_water, uniq_joseph

Skill      XL: |  1  2  3  4  5  6  7  8  9 10 |
---------------+-------------------------------+-----
Maces & Flails | 3 4 5 6 7 9 11 12 | 12.0
Fighting       | 5 6 7 8 |  8.0
Spellcasting   | |  1.2
Fire Magic     | |  2.6

Action                   |  1- 3 |  4- 6 |  7- 9 | 10-12 || total
-------------------------+-------+-------+-------+-------++-------
Melee: Mace              |   142 |    66 |    78 |       ||   286
       Punch             |     1 |       |     2 |       ||     3
       War axe           |       |       |    51 |     5 ||    56
       Giant club        |       |       |    18 |       ||    18
       Dire flail        |       |       |     1 |       ||     1
Throw: Javelin           |       |     3 |    12 |       ||    15
Invok: Fiery Armour      |     1 |     1 |     6 |       ||     8
       Foxfire Swarm     |       |       |     3 |       ||     3
  Use: Scroll            |     2 |     1 |     2 |       ||     5
       Potion            |       |       |     4 |       ||     4
Armor: Robe              |    68 |    31 |    70 |       ||   169
       Steam dragon scal |       |       |     1 |     1 ||     2
Dodge: Dodged            |    92 |    31 |   101 |     1 ||   225

Table legend: (Time is in decaauts)
 A = Elapsed time spent in this place.
 B = Non-inter-level travel time spent in this place.
 C = Inter-level travel time spent in this place.
 D = Time resting spent in this place.
 E = Time spent auto-exploring this place.
 F = Levels seen in this place.
 G = Mean time per level.
                   A        B        C        D        E       F      G
               +--------+--------+--------+--------+--------+-----+--------+
         Total |   5707 |   5459 |    248 |   2574 |     77 |   8 |  713.4 |
       Dungeon |   5707 |   5459 |    248 |   2574 |     77 |   8 |  713.4 |
               +--------+--------+--------+--------+--------+-----+--------+

Top non-repeatable levels by time:
     D:6: 1813 daAuts
     D:8: 1068 daAuts
     D:7: 710 daAuts
     D:1: 564 daAuts
     D:4: 535 daAuts
     D:2: 446 daAuts
     D:5: 316 daAuts
     D:3: 252 daAuts
